 Dungeon Crawl Stone Soup version 0.19-a0-14-gde87d98 (webtiles) character file.

4235 Karasique the Skirmisher (level 10, -9/96 HPs)
             Began as a Naga Arcane Marksman on Apr 29, 2016.
             Was an Initiate of Gozag.
             Mangled by a hill giant
             ... wielding a cursed -2 giant club
              (13 damage)
             ... on level 11 of the Dungeon.
             The game lasted 00:33:11 (9901 turns).

Karasique the Skirmisher (Naga Arcane Marksman)     Turns: 9901, Time: 00:33:12

Health: -9/96      AC: 14    Str: 17    XL:     10   Next: 30%
Magic:  5/22       EV:  7    Int: 14    God:    Gozag
Gold:   1111       SH:  0    Dex: 10    Spells: 2 memorised, 8 levels left

rFire  . . .     SeeInvis +     w - +1 hand crossbow
rCold  + . .     Gourm    .     r - +4 scale mail {rC+}
rNeg   . . .     Faith    .     (no shield)
rPois  +         Spirit   .     t - +0 helmet
rElec  .         Dismiss  .     G - +2 cloak
rCorr  .         Reflect  .     (no gloves)
SustAt .         Harm     .     (no barding)
MR     +....                    (no amulet)
Stlth  ++........               b - ring of magical power
                                E - ring of wizardry

@: about to teleport, very slightly contaminated, very slow, somewhat resistant
to hostile enchantments, unstealthy
A: see invisible, deformed body, poison resistance, slowness 2, slow metabolism
1, spit poison 2, AC +3
a: Spit Poison, Potion Petition, Call Merchant, Bribe Branch, Renounce Religion


You were on level 11 of the Dungeon.
You worshipped Gozag.
Gozag was noncommittal.
You were very hungry.

You visited 2 branches of the dungeon, and saw 12 of its levels.

You collected 1166 gold pieces.
You paid 55 gold pieces to Gozag.

Inventory:

Hand Weapons
 q - a +1 short sword of speed
 w - a +1 hand crossbow (weapon)
Missiles
 d - 76 bolts (quivered)
 e - a throwing net
Armour
 k - a +0 ring mail
 r - a +4 scale mail of cold resistance (worn)
 t - a +0 helmet (worn)
 G - a +2 cloak (worn)
 J - a +1 scale mail of cold resistance
Jewellery
 b - a ring of magical power (right hand)
 E - a ring of wizardry (left hand)
Wands
 v - a wand of paralysis (24/24)
 A - a wand of lightning (9/15)
Scrolls
 m - a scroll of fog
 o - a scroll of vulnerability {unknown}
 x - 4 scrolls of remove curse
 y - a scroll of teleportation
 B - 2 scrolls of amnesia
 D - a scroll of immolation {unknown}
Potions
 a - 3 potions of flight
 i - 4 potions of might
 j - 2 potions of lignification
 l - 4 potions of brilliance
 n - 3 potions of curing
 p - a potion of magic {unknown}
 s - a potion of berserk rage
 u - a potion of agility {unknown}
 z - 2 potions of resistance
 C - a potion of invisibility
 F - a potion of cancellation
 L - a potion of haste {unknown}
Books
 c - a book of Debilitation

   Spells                             Type                      Level
   a - Corona                         Hexes                        1
   b - Slow                           Hexes                        2
   c - Gell's Gravitas                Hexes/Translocation          3
   d - Inner Flame                    Hexes/Fire                   3
   e - Cause Fear                     Hexes                        4
   f - Leda's Liquefaction            Hexes/Earth                  4
 H - a book of Enchantments

   Spells                             Type                      Level
   a - Cause Fear                     Hexes                        4
   b - Yara's Violent Unravelling     Hexes/Transmutation          5
   c - Silence                        Hexes/Air                    5
   d - Deflect Missiles               Charms/Air                   6
   e - Haste                          Charms                       6
   f - Discord                        Hexes                        8
Comestibles
 f - 5 bread rations
 g - 4 fruits
 h - 4 meat rations


   Skills:
 + Level 7.8 Fighting
 + Level 7.2 Short Blades
 + Level 7.3 Crossbows
 - Level 1.5 Dodging
 - Level 5.0 Stealth
 - Level 2.0 Spellcasting
 - Level 4.0 Hexes
 - Level 4.0 Fire Magic


You had 8 spell levels left.
You knew the following spells:

 Your Spells              Type           Power        Failure   Level  Hunger
b - Slow                  Hex            ##......     10%         2    ###....
c - Inner Flame           Hex/Fire       ##......     24%         3    ####...


Dungeon Overview and Level Annotations

Branches:
Dungeon (12/15)            Temple (1/1) D:4
   Lair: D:8-11         Orc: D:9-12

Altars:
Cheibriados
Dithmenos
Elyvilon
Gozag
Kikubaaqudgha
Makhleb
Okawaru
Pakellas
Ru
Sif Muna
Vehumet
Xom
Yredelemnul
Zin

Shops:
D:7 %

Annotations:
D:4 Ijustatesigmund's ghost, novice TrHu


Innate Abilities, Weirdness & Mutations

You cannot wear boots.
Your serpentine skin is tough (AC +3).
You have supernaturally acute eyesight.
Armour fits poorly on your strangely shaped body.
Your system is resistant to poisons.
You cover ground very slowly.
You have a slow metabolism.
You can spit poison.


Message History

Casting: Slow
Confirm with . or Enter, or press ? or * to list all spells.
Aiming: Slow
Press: ? - help, Shift-Dir - straight line, f/p - hill giant
Aim: a hill giant, wielding a giant club (moderately wounded, chance to defeat MR: 31%)
The hill giant easily resists.
You are feeling very hungry.
The hill giant hits you with a giant club!
Casting: Slow
Confirm with . or Enter, or press ? or * to list all spells.
Aiming: Slow
Press: ? - help, Shift-Dir - straight line, f/p - hill giant
Aim: a hill giant, wielding a giant club (moderately wounded, chance to defeat MR: 31%)
The hill giant easily resists.
Read which item? (? for menu, Esc to quit)
As you read the scroll of teleportation, it crumbles to dust.
You feel strangely unstable. The hill giant completely misses you.
The hill giant hits you with a giant club!
You die...
Your body crumbles into a pile of gold.

######## #......#
#####......#
#...#......########
#...>......@.......
#.........C########
#...............#
#.....#+#.#.###.#####
#......[.............
#.....#.#.#..........
#.......#.##.#######.
#.....# #.##...# ....
..####.#


You could see a hill giant.

Vanquished Creatures
  A hill giant (D:12)
  Grinder (D:5)
  Sigmund (D:5)
  A wraith (D:8)
  A hippogriff (D:11)
  Duvessa (D:5)
  2 orc warriors
  2 ice beasts
  A phantom (D:8)
  3 ogres (D:6)
  3 centaurs
  5 giant frogs
  A gnoll sergeant (D:8)
  Dowan (D:5)
  3 scorpions
  3 killer bees (D:8)
  2 howler monkeys
  A crimson imp (D:12)
  A centaur zombie (D:5)
  5 hounds
  4 jellies
  A quasit (D:5)
  3 giant frog zombies
  A centaur skeleton (D:8)
  An orc priest (D:8)
  3 giant frog skeletons
  5 orc wizards
  Jessica (D:2)
  4 iguanas
  4 worker ants
  2 hound skeletons (D:6)
  15 gnolls
  6 adders
  An ooze (D:1)
  2 worms
  4 dart slugs
  8 giant geckos
  24 orcs
  3 ball pythons
  2 bats
  4 giant cockroaches
  4 goblins
  3 hobgoblins
  A jackal (D:2)
  A ball python skeleton (D:4)
  6 giant newts
  A jackal skeleton (D:3)
  A jackal zombie (D:5)
  7 kobolds
  A quokka zombie (D:5)
  6 rats
168 creatures vanquished.

Notes
Turn   | Place    | Note
--------------------------------------------------------------
     0 | D:1      | Karasique the Naga Arcane Marksman began the quest for the Orb.
     0 | D:1      | Reached XP level 1. HP: 18/18 MP: 2/2
   112 | D:1      | Reached XP level 2. HP: 23/25 MP: 3/3
   266 | D:1      | Learned a level 2 spell: Slow
   617 | D:1      | You fall through a shaft!
   624 | D:2      | Reached skill level 1 in Stealth
   624 | D:2      | Reached XP level 3. HP: 31/31 MP: 5/5
   654 | D:2      | Reached XP level 4. HP: 25/38 MP: 6/6
  1060 | D:2      | Noticed Jessica
  1069 | D:2      | Killed Jessica
  1404 | D:2      | Reached XP level 5. HP: 40/45 MP: 5/8
  1758 | D:3      | Found a white marble altar of Elyvilon.
  1878 | D:3      | Learned a level 3 spell: Inner Flame
  2530 | D:3      | Reached XP level 6. HP: 44/52 MP: 5/9
  2652 | D:4      | Noticed Ijustatesigmund's ghost (novice TrHu)
  2804 | D:4      | Reached skill level 1 in Fire Magic
  2808 | D:4      | Reached skill level 5 in Stealth
  2924 | D:4      | Found a deep blue altar of Sif Muna.
  3012 | D:4      | Reached skill level 1 in Short Blades
  3051 | D:4      | Found a staircase to the Ecumenical Temple.
  3060 | Temple   | Entered the Ecumenical Temple
  3068 | Temple   | Became a worshipper of Gozag Ym Sagoz the Greedy
  3457 | D:5      | Entered Level 5 of the Dungeon
  3671 | D:5      | Reached XP level 7. HP: 52/61 MP: 10/10
  3845 | D:5      | Noticed Sigmund
  3866 | D:5      | Killed Sigmund
  3944 | D:5      | Noticed Grinder
  3971 | D:5      | Killed Grinder
  3971 | D:5      | Reached XP level 8. HP: 13/72 MP: 8/11
  4656 | D:5      | Found an iron altar of Okawaru.
  4724 | D:5      | Noticed Duvessa
  4724 | D:5      | Noticed Dowan
  4776 | D:5      | Killed Duvessa
  4782 | D:5      | Killed Dowan
  5481 | D:6      | Reached skill level 5 in Fighting
  5481 | D:6      | Reached skill level 5 in Crossbows
  5965 | D:6      | Reached XP level 9. HP: 81/81 MP: 9/12
  6255 | D:6      | Reached skill level 5 in Short Blades
  6985 | D:7      | Found a shadowy altar of Dithmenos.
  7128 | D:7      | Found a shimmering altar of Xom.
  7128 | D:7      | Found a snail-covered altar of Cheibriados.
  7308 | D:7      | Found a glowing silver altar of Zin.
  7310 | D:7      | Found an oddly glowing altar of Pakellas.
  7312 | D:7      | Found a burning altar of Makhleb.
  7359 | D:7      | Found Wociullu's Food Shop.
  8460 | D:8      | Reached XP level 10. HP: 77/94 MP: 13/13
  9264 | D:9      | You fall through a shaft for 3 floors!
  9380 | D:12     | Noticed a hill giant
  9417 | D:12     | HP: 3/94 [crimson imp (3)]
  9418 | D:12     | Killed a hill giant
  9812 | D:12     | Noticed a red ugly thing
  9870 | D:11     | Noticed a hill giant
  9897 | D:11     | HP: 3/96 [hill giant/giant club (16)]
  9901 | D:11     | Mangled by a hill giant

Vault maps used:
D:1:      dpeg_arrival_orchard, supply_closet_lemuel
D:2:      minmay_shallow_snake_nest, uniq_jessica
D:3:      lemuel_coloured_pillars_altar, hex_large
D:4:      overflow_temple_1_default, minmay_temple_entry_junction,
          serial_bayou_crossing
D:5:      okawaru_trees_2, first_bread, sigmund_army, uniq_grinder,
          uniq_duvessa, uniq_sigmund
D:6:      minmay_misc_feat_hallway
D:7:      minitemple, gammafunk_temple_overflow_wave, serial_shops,
          kennysheep_mini, grunt_dithmenos_smoke
D:9:      david_orc_4, grunt_ogre_cave
D:11:     st_stairs_13
D:12:     serial_shops, kennysheep_mini_moat
Temple:   eino_narrow_crystal_temple_a_12

Skill      XL: |  1  2  3  4  5  6  7  8  9 10 |
---------------+-------------------------------+-----
Crossbows      | 2 3 4 5 6 7 |  7.3
Stealth        | 1 2 3 4 5 |  5.0
Spellcasting   | 2 |  2.0
Fighting       | 2 4 5 7 |  7.8
Hexes          | 4 |  4.0
Fire Magic     | 1 3 4 |  4.0
Short Blades   | 1 3 4 6 7 |  7.2
Dodging        | |  1.5

Action                   |  1- 3 |  4- 6 |  7- 9 | 10-12 || total
-------------------------+-------+-------+-------+-------++-------
Melee: Short sword       |    66 |   189 |   562 |   114 ||   931
 Fire: Hand crossbow     |     4 |     9 |    49 |    13 ||    75
 Cast: Slow              |     2 |    21 |    68 |    18 ||   109
       Corona            |     1 |     3 |       |       ||     4
       Inner Flame       |       |       |     2 |       ||     2
 Abil: Spit Poison       |    15 |    38 |    46 |    15 ||   114
  Use: Potion            |     2 |     1 |     2 |       ||     5
       Scroll            |       |     3 |     7 |     8 ||    18
 Stab: Sleeping          |     1 |       |     4 |       ||     5
  Eat: Chunk             |       |    10 |       |       ||    10
       Pizza             |       |     1 |     1 |       ||     2
       Beef jerky        |       |       |     2 |       ||     2
       Bread ration      |       |       |     2 |       ||     2
       Royal jelly       |       |       |     2 |       ||     2
       Meat ration       |       |       |     1 |     1 ||     2
Armor: Robe              |     9 |     9 |       |       ||    18
       Skin              |    34 |    10 |       |       ||    44
       Ring mail         |       |    35 |    72 |       ||   107
       Scale mail        |       |       |   146 |    45 ||   191
Dodge: Dodged            |    25 |    61 |   142 |    25 ||   253
